 Dungeon Sprint DCSS version 0.27-a0-249-g74f53ef629 (webtiles) character file.

Game seed: 12318841418327905182

53 sahdkjhfkaj the Destroyer (level 3, -2/19 HPs)
             Began as a Deep Elf Conjurer on Feb 3, 2021.
             Was an Initiate of the Shining One.
             Slain by an orc
             ... wielding a +0 war axe
              (11 damage)
             ... in the Dungeon (Sprint VII: "The Pits").
             The game lasted 00:03:05 (786 turns).

sahdkjhfkaj the Destroyer (Deep Elf Conjurer)        Turns: 786, Time: 00:03:06

Health: -2/19      AC:  2    Str:  4    XL:     3   Next: 62%
Magic:  5/10       EV: 12    Int: 23    God:    the Shining One [......]
Gold:   0          SH:  0    Dex: 13    Spells: 6/9 levels left

rFire    . . .     SeeInvis .   (no weapon)
rCold    . . .     Faith    .   (no shield)
rNeg     . . .     Spirit   .   a - +0 robe
rPois    .         Reflect  .   (no helmet)
rElec    .         Harm     .   (no cloak)
rCorr    .         Rampage  .   (no gloves)
Will     .....     NoTele   +   (no boots)
Stlth    +.........             (no amulet)
HPRegen  0.06/turn              (no ring)
MPRegen  0.12/turn              (no ring)

@: glowing
A: no striking features
a: Renounce Religion


You were in the Dungeon.
You worshipped the Shining One.
The Shining One was noncommittal.
You visited 1 branch

Inventory:

Armour
 a - a +0 robe (worn)
Scrolls
 h - a scroll of blinking
Potions
 b - 2 potions of invisibility
 c - 6 potions of curing
 d - 6 potions of heal wounds
 e - a potion of haste
 f - 4 potions of magic
 g - 3 potions of berserk rage


   Skills:
 - Level 3.0(1.5) Dodging
 - Level 3.1(1.5) Stealth
 - Level 3.5(1.7) Spellcasting
 + Level 8.6(4.6) Conjurations


You had 6 spell levels left.
You knew the following spells:

 Your Spells              Type           Power        Failure   Level
a - Magic Dart            Conj           92%          1%          1
b - Searing Ray           Conj           46%          3%          2

Your spell library contained the following spells:

 Spells                   Type           Power        Failure   Level
 Dazzling Flash           Conj/Hex       24%          16%         3
 Fulminant Prism          Conj/Hex       6%           45%         4
 Iskenderun's Mystic Bla  Conj/Tloc      12%          45%         4


Dungeon Overview and Level Annotations

Branches:
Dungeon (1/1)

Altars:
Ashenzari
Cheibriados
Dithmenos
Elyvilon
Fedhas
Gozag
Hepliaklqana
Kikubaaqudgha
Makhleb
Nemelex Xobeh
Okawaru
Qazlal
Ru
Sif Muna
Trog
Uskayaw
Vehumet
Wu Jian
Xom
Yredelemnul
Zin
The Shining One
Beogh
Jiyva
Lugonu


Message History

a +0 chain mail; a +0 mace
There is a glowing golden altar of the Shining One here.
You kneel at the altar of the Shining One.
You kneel at the altar of the Shining One.
You have lost your religion!
Ashenzari does not appreciate desertion!
The Shining One welcomes you! The orc closely misses you.
The orc closely misses you.
There is a sacrificial altar of Ru here.
The orc barely misses you.
There is a stormy altar of Qazlal, spattered with blood here.
Things that are here:
a +0 leather armour; a +0 flail
There is an iron altar of Okawaru here.
Unknown command.
Press < or > to pray at altars.
The orc hits you with a +0 war axe!
Ouch! That really hurt!
You die...

############
#_________.#
#___@o____.#
#_______...##########
##########'##........
#.?(.')))'.##......#.
##########.##........
#..go.o.†...'........
#'#####'#####......#.
#.#..#..#..##........
#.#..'..#))#####'####


You could see an orc.

Vanquished Creatures
  An orc wizard (D)
  An adder skeleton (D)
  5 orcs (D)
  A ball python (D)
  A giant cockroach (D)
  A goblin (D)
  4 jackals (D)
  A quokka (D)
  2 bats (D)
  A rat (D)
18 creatures vanquished.

Notes
Turn   | Place    | Note
-------+----------+-------------------------------------------
     0 | D        | sahdkjhfkaj the Deep Elf Conjurer began the quest for the
                  | Orb.
     0 | D        | Reached XP level 1. HP: 10/10 MP: 6/6
    76 | D        | Found a bloodstained altar of Trog.
    76 | D        | Found a shimmering blue altar of Sif Muna.
    76 | D        | Found a viscous altar of Jiyva.
    76 | D        | Found a hazy altar of Hepliaklqana.
    76 | D        | Found an opulent altar of Gozag.
    77 | D        | Found a glowing golden altar of the Shining One.
    77 | D        | Found a glowing silver altar of Zin.
    77 | D        | Found a basalt altar of Yredelemnul.
    77 | D        | Found a shimmering altar of Xom.
    77 | D        | Found an ornate altar of the Wu Jian Council.
    77 | D        | Found a sacrificial altar of Ru.
    77 | D        | Found a stormy altar of Qazlal.
    77 | D        | Found an iron altar of Okawaru.
    77 | D        | Found a sparkling altar of Nemelex Xobeh.
    77 | D        | Found a burning altar of Makhleb.
    77 | D        | Found a blossoming altar of Fedhas.
    77 | D        | Found a white marble altar of Elyvilon.
    77 | D        | Found a shadowy altar of Dithmenos.
    77 | D        | Found a snail-covered altar of Cheibriados.
    78 | D        | Found a radiant altar of Vehumet.
    78 | D        | Found a corrupted altar of Lugonu.
    78 | D        | Found a roughly hewn altar of Beogh.
    79 | D        | Found an ancient bone altar of Kikubaaqudgha.
    79 | D        | Found a hide-covered altar of Uskayaw.
    79 | D        | Found a broken altar of Ashenzari.
    80 | D        | Became a worshipper of Sif Muna the Loreminder
   108 | D        | Reached skill level 5 in Conjurations
   110 | D        | Reached * piety under Sif Muna
   238 | D        | Reached XP level 2. HP: 15/15 MP: 6/8
   241 | D        | Learned a level 2 spell: Searing Ray
   246 | D        | Reached ** piety under Sif Muna
   309 | D        | Reached skill level 6 in Conjurations
   316 | D        | Reached *** piety under Sif Muna
   522 | D        | Reached skill level 8 in Conjurations
   522 | D        | Reached XP level 3. HP: 16/19 MP: 3/10
   751 | D        | Reached **** piety under Sif Muna
   775 | D        | Fell from the grace of Sif Muna
   775 | D        | Became a worshipper of Ashenzari the Shackled
   782 | D        | Fell from the grace of Ashenzari
   782 | D        | Became a worshipper of the Shining One
   786 | D        | Slain by an orc

Illustrated notes

Levels and vault maps discovered:
D:        pitsprint [storerooms_1, entrance_room_1, metal_vault_5, armoury_1,
          mini_pit_1, grid_room_1, main_hall_1, silver_pit, the_coven_3,
          the_vestibule_1, steel_vault_1, golden_pit, hallway_of_sentries,
          crystal_vault_3, iron_vault_5, final_vault]

Skill      XL: |  1  2 |
---------------+-------+-----
Dodging        | 3 |  3.0
Stealth        | 3 |  3.1
Conjurations   | 5 8 |  8.6
Spellcasting   | |  3.5

Action                   || total
-------------------------++-------
Melee: Unarmed           ||    14
 Cast: Magic Dart        ||    31
       Searing Ray       ||     4
Armor: Robe              ||     7
Dodge: Dodged            ||    26

Table legend: (Time is in decaauts)
 A = Elapsed time spent in this place.
 B = Non-inter-level travel time spent in this place.
 C = Inter-level travel time spent in this place.
 D = Time resting spent in this place.
 E = Time spent auto-exploring this place.
 F = Levels seen in this place.
 G = Mean time per level.
                   A        B        C        D        E       F      G
               +--------+--------+--------+--------+--------+-----+--------+
         Total |    786 |    761 |     25 |    379 |    189 |   1 |  786.0 |
       Dungeon |    786 |    761 |     25 |    379 |    189 |   1 |  786.0 |
               +--------+--------+--------+--------+--------+-----+--------+

Top non-repeatable levels by time:
       D: 786 daAuts
